 Dungeon Sprint DCSS version 0.21-a0-278-ga722497 (webtiles) character file.

140 potatolord6000 the Ducker (level 5, 0/30 HPs)
             Began as a Spriggan Monk on Sept 21, 2017.
             Was a Believer of Elyvilon.
             Succumbed to a worker ant's poison
             ... in the Dungeon (Sprint VII: "The Pits").
             The game lasted 00:03:09 (274 turns).

potatolord6000 the Ducker (Spriggan Monk)            Turns: 274, Time: 00:03:10

Health: 0/30       AC:  2    Str:  7    XL:     5   Next: 2%
Magic:  12/13      EV: 24    Int: 13    God:    Elyvilon [**....]
Gold:   0          SH:  0    Dex: 18    Spells: 14/14 levels left

rFire    . . .     SeeInvis +   j - +2 dagger (protect)
rCold    . . .     Gourm    .   (shield restricted)
rNeg     . . .     Faith    .   b - +0 robe
rPois    .         Spirit   .   (helmet restricted)
rElec    .         Reflect  .   (no cloak)
rCorr    .         Harm     .   (gloves unavailable)
MR       .....     NoTele   +   (boots unavailable)
Stlth    +++.......             (no amulet)
HPRegen  0.10/turn              (no ring)
MPRegen  0.13/turn              (no ring)

@: lethally poisoned (0 -> -5), very quick
A: unfitting armour, see invisible, herbivore 3, speed 3, slow metabolism 2
a: Lesser Healing, Heal Other, Divine Protection, Renounce Religion


You were in the Dungeon.
You worshipped Elyvilon.
Elyvilon was pleased with you.
You were not hungry.

You visited 1 branch

Inventory:

Hand Weapons
 j - a +2 dagger of protection (weapon)
Armour
 b - a +0 robe (worn)
Scrolls
 i - a scroll of blinking
 k - 3 scrolls of remove curse
 l - 5 scrolls of amnesia
 m - a scroll of summoning
Potions
 a - a potion of invisibility
 d - 6 potions of curing
 e - 6 potions of heal wounds
 g - 3 potions of magic
 h - 2 potions of berserk rage
Comestibles
 c - 8 bread rations
 n - 40 fruits


   Skills:
 + Level 4.3 Fighting
 + Level 5.8 Short Blades
 + Level 7.8 Dodging
 - Level 3.1 Stealth
 + Level 5.0 Spellcasting
 + Level 4.2 Invocations


You had 14 spell levels left.
You didn't know any spells.

Dungeon Overview and Level Annotations

Branches:
Dungeon (1/1)

Altars:
Ashenzari
Cheibriados
Dithmenos
Elyvilon
Fedhas
Gozag
Hepliaklqana
Kikubaaqudgha
Makhleb
Nemelex Xobeh
Okawaru
Qazlal
Ru
Sif Muna
Trog
Uskayaw
Vehumet
Wu Jian
Xom
Yredelemnul
Zin
The Shining One
Beogh
Jiyva
Lugonu


Innate Abilities, Weirdness & Mutations

You are very small and have problems with some larger weapons.
You are too small for most types of armour.
You have supernaturally acute eyesight. (SInv)
You are a herbivore.
You cover ground extremely quickly.
You need consume almost no food.


Message History

* * * LOW HITPOINT WARNING * * *
You feel sick. The fire bat completely misses you.
The quasit bites you but does no damage.
The quasit barely misses you. The quasit closely misses you.
The fire bat misses you.
Unknown command.
Unknown command.
* * * LOW HITPOINT WARNING * * *
You feel sick.
Unknown command.
Unknown command.
The water moccasin hisses angrily.
Unknown command.
Unknown command.
Unknown command.
The quasit barely misses you. The quasit misses you. x2
Unknown command.
You barely miss the quasit.
The quasit is moderately wounded.
You die...

#.#..###'####.......#
#.##'#†.)..##...<...#
#.#........##.......#
#.#........##.......#
#'###########.......#
#.......# #########
#..#.#..# #.##.##S#
#.†Sb5@.# #.##.##.#
#..#.#..# #.......+
#########


You could see 2 water moccasins, a fire bat and a quasit.

Vanquished Creatures
  An ogre (D)
  A worker ant (D)
  An ooze (D)
  An adder skeleton (D)
  A bat (D)
  A ball python (D)
  A kobold (D)
7 creatures vanquished.

Vanquished Creatures (others)
  A worker ant (D)
  An ooze (D)
2 creatures vanquished.

Grand Total: 9 creatures vanquished

Notes
Turn   | Place    | Note
-------+----------+-------------------------------------------
     0 | D        | potatolord6000 the Spriggan Monk began the quest for the Orb.
     0 | D        | Reached XP level 1. HP: 11/11 MP: 2/2
    54 | D        | Found a bloodstained altar of Trog.
    54 | D        | Found a deep blue altar of Sif Muna.
    54 | D        | Found a viscous altar of Jiyva.
    54 | D        | Found a hazy altar of Hepliaklqana.
    54 | D        | Found an opulent altar of Gozag.
    55 | D        | Found a glowing golden altar of the Shining One.
    55 | D        | Found a glowing silver altar of Zin.
    55 | D        | Found a basalt altar of Yredelemnul.
    55 | D        | Found a shimmering altar of Xom.
    55 | D        | Found an ornate altar of the Wu Jian Council.
    55 | D        | Found a sacrificial altar of Ru.
    55 | D        | Found a stormy altar of Qazlal.
    55 | D        | Found an iron altar of Okawaru.
    55 | D        | Found a sparkling altar of Nemelex Xobeh.
    55 | D        | Found a burning altar of Makhleb.
    55 | D        | Found a blossoming altar of Fedhas.
    55 | D        | Found a white marble altar of Elyvilon.
    55 | D        | Found a shadowy altar of Dithmenos.
    55 | D        | Found a snail-covered altar of Cheibriados.
    57 | D        | Found a radiant altar of Vehumet.
    57 | D        | Found a corrupted altar of Lugonu.
    57 | D        | Found a roughly hewn altar of Beogh.
    59 | D        | Found an ancient bone altar of Kikubaaqudgha.
    59 | D        | Found a hide-covered altar of Uskayaw.
    59 | D        | Found a shattered altar of Ashenzari.
    64 | D        | Became a worshipper of Elyvilon the Healer
    64 | D        | Reached * piety under Elyvilon
    64 | D        | Reached ** piety under Elyvilon
    81 | D        | Reached skill level 1 in Spellcasting
    91 | D        | Reached skill level 5 in Dodging
    91 | D        | Reached skill level 1 in Invocations
    96 | D        | Reached XP level 2. HP: 15/16 MP: 2/5
   152 | D        | Noticed an ogre
   155 | D        | Reached XP level 3. HP: 17/20 MP: 2/8
   175 | D        | Killed an ogre
   175 | D        | Reached skill level 5 in Short Blades
   175 | D        | Reached skill level 7 in Dodging
   175 | D        | Reached XP level 4. HP: 25/25 MP: 7/11
   231 | D        | Noticed a water moccasin
   235 | D        | Noticed a fire bat
   235 | D        | Noticed a water moccasin
   260 | D        | Reached skill level 5 in Spellcasting
   260 | D        | Reached XP level 5. HP: 17/30 MP: 11/13
   270 | D        | HP: 1/30 [poisoned by a worker ant]
   274 | D        | Succumbed to a worker ant's poison

Vault maps used:
D:        pitsprint

Skill      XL: |  1  2  3  4 |
---------------+-------------+-----
Spellcasting   | 1 2 4 5 |  5.0
Dodging        | 5 7 |  7.8
Invocations    | 1 2 4 |  4.2
Short Blades   | 4 5 |  5.8
Fighting       | 3 4 |  4.3
Stealth        | |  3.1

Action                   |  1- 3 |  4- 6 || total
-------------------------+-------+-------++-------
Melee: Dagger            |    24 |    32 ||    56
       Short sword       |     1 |       ||     1
Invok: Heal Other        |     4 |       ||     4
       Lesser Healing    |     1 |       ||     1
  Use: Potion            |     4 |       ||     4
 Stab: Sleeping          |     2 |       ||     2
Armor: Robe              |     3 |    11 ||    14
Dodge: Dodged            |    17 |   109 ||   126

Table legend:
 A = Spawn XP
 B = Non-spawn XP
 C = Spawn XP percentage of total XP
 D = Spawn monster count
 E = Non-spawn monster count
 F = Spawn count percentage of total count
 G = Total turns spent on level
                    A         B        C        D         E        F      G
               +---------+---------+-------+---------+---------+-------+---------
         Total |       0 |     169 |   0.0 |       0 |       8 |   0.0 |   274
               +---------+---------+-------+---------+---------+-------+---------
             D |       0 |     169 |   0.0 |       0 |       8 |   0.0 |   274
               +---------+---------+-------+---------+---------+-------+---------
